AoeStats
← Miller Fisher

Arena

506654773Analyzed
1v1 RM · 19d ago on Sep 14, 2026· 39m 0s· 2 players
Game mode
Random Map
Map size
Tiny (2 player)
Population
200
Speed
Normal
Resources
Standard
Victory
Conquest
Starting age
Dark Age
Ending age
Imperial Age
RankedLock teamsTeams togetherTeam positionsShared explorationLock speedFull tech treeHidden civsTurbo modeCheats
Victory
Defeat
🇪🇸 Persians · Spain
1471
+13
🇮🇪 Wei · Ireland
1397
-13
Kid A
11:24 Feudal Age
15:32 Castle Age
13:30 Double-Bit Axe
13:29 Horse Collar
14:11 Gold Mining
16:31 Bow Saw
17:17 Heavy Plow
18:57 Loom
18:57 Town Watch
21:45 Wheelbarrow
21:49 Stone Mining
28:06 Imperial Age
26:57 Hand Cart
26:40 Fletching
27:53 Gold Shaft Mining
27:54 Stone Shaft Mining
27:45 Bodkin Arrow
28:52 Bracer
29:08 Padded Archer Armor
30:16 Conscription
30:22 Masonry
31:22 Stone Shaft Mining
31:19 Block Printing
32:53 Ballistics
33:33 Chemistry
35:28 Sanctity
36:23 Leather Archer Armor
36:50 Thumb Ring
Miller Fisher
10:03 Feudal Age
13:46 Castle Age
12:05 Double-Bit Axe
12:14 Horse Collar
13:04 Gold Mining
14:33 Bow Saw
15:07 Loom
21:39 Wheelbarrow
22:04 Scale Barding Armor
22:08 Heavy Plow
23:29 Gold Shaft Mining
22:50 Stone Mining
22:55 Town Watch
29:01 Imperial Age
26:47 Forging
27:17 Hand Cart
27:35 Chain Barding Armor
28:23 Iron Casting
28:08 Light Cavalry
28:50 Husbandry
30:07 Conscription
30:27 Plate Barding Armor
30:24 Bloodlines
34:11 Blast Furnace
35:42 Fletching
35:16 Hussar
39:07 Town Patrol
Connection lost

Rejoining the realm…

Still unreachable

The connection could not be restored.

Session expired

The server has moved on; the page needs a fresh start.